 Dungeon Crawl Stone Soup version 0.30.0-5-g1a98f26d00 (webtiles) character file.

Game seed: 6031988018892453795

13729 olmar the Martial Artist (level 12, -3/92 HPs)
             Began as a Gnoll Transmuter on May 8, 2023.
             Was an Initiate of Gozag.
             Slain by an ogre
             ... wielding a +0 giant club
              (24 damage)
             ... on level 1 of the Orcish Mines.
             The game lasted 00:24:33 (15503 turns).

olmar the Martial Artist (Gnoll Transmuter)        Turns: 15503, Time: 00:24:34

Health: -3/92      AC:  7    Str: 10    XL:     12   Next: 9%
Magic:  19/24      EV: 15    Int: 18    God:    Gozag
Gold:   890        SH:  5    Dex: 12    Spells: 21/28 levels left

rFire   . . .        B - +4 quarterstaff (chaos)
rCold   . . .        (shield currently unavailable)
rNeg    + . .        w - +2 robe {Will+}
rPois   .            (no helmet)
rElec   .            C - +2 cloak
rCorr   .            (no gloves)
SInv    .            (no boots)
Will    +....        g - amulet of reflection
Stlth   +++          d - ring of positive energy
HPRegen 0.35/turn    I - +4 ring of slaying
MPRegen 0.19/turn

%: reflection
@: gold aura
A: fangs 1, strong nose, distributed training
a: Renounce Religion, Potion Petition, Call Merchant, Bribe Branch


You were on level 1 of the Orcish Mines.
You worshipped Gozag.
Gozag was pleased with you.
You visited 3 branches of the dungeon, and saw 12 of its levels.
You also visited: Ossuary.

You collected 1782 gold pieces.
You spent 730 gold pieces at shops.
You paid 162 gold pieces to Gozag.

Inventory:

Hand Weapons
 B - a +4 quarterstaff of chaos (weapon)
Missiles
 t - 2 throwing nets
 F - 4 curare-tipped darts
 G - 41 poisoned darts (quivered)
Armour
 a - a +0 robe
 w - a +2 robe of willpower (worn)
 C - a +2 cloak (worn)
 N - +0 steam dragon scales
Jewellery
 d - a ring of positive energy (left hand)
 g - an amulet of reflection (around neck)
 j - a ring of magical power
 n - a +4 ring of protection
 H - a ring of protection from cold
 I - a +4 ring of slaying (right hand)
 L - a ring of flight
 Q - a +6 ring of dexterity
Wands
 h - a wand of polymorph (2)
 s - a wand of roots (9)
 y - a wand of charming (11)
 E - a wand of mindburst (8)
 K - a wand of flame (17)
Scrolls
 c - 3 scrolls of amnesia
 e - 5 scrolls of fear
 f - 4 scrolls of blinking
 i - 2 scrolls of immolation
 l - a scroll of noise
 r - 3 scrolls of fog
 v - a scroll of butterflies
 x - a scroll of silence {unknown}
 D - 2 scrolls of enchant armour
 M - a scroll of magic mapping {unknown}
 O - 3 scrolls of poison
 R - a scroll of brand weapon {unknown}
Potions
 b - 3 potions of lignification
 k - 2 potions of cancellation
 m - 4 potions of heal wounds
 o - 2 potions of invisibility
 p - 3 potions of mutation
 q - a potion of ambrosia
 u - a potion of magic
 z - 11 potions of curing
 A - 2 potions of brilliance
 J - a potion of degeneration
 P - 2 potions of haste {unknown}


   Skills:
 + Level 7.7 Fighting
 + Level 7.2 Short Blades
 + Level 7.2 Long Blades
 + Level 7.2 Axes
 + Level 7.2 Maces & Flails
 + Level 7.2 Polearms
 + Level 7.2 Staves
 + Level 7.2 Ranged Weapons
 + Level 7.2 Throwing
 + Level 7.2 Armour
 + Level 8.6 Dodging
 + Level 7.2 Stealth
 + Level 7.2 Shields
 + Level 9.8 Unarmed Combat
 + Level 8.9 Spellcasting
 + Level 6.0 Conjurations
 + Level 6.0 Hexes
 + Level 6.0 Summonings
 + Level 6.0 Necromancy
 + Level 6.0 Translocations
 + Level 7.2 Transmutations
 + Level 6.0 Fire Magic
 + Level 6.0 Ice Magic
 + Level 6.0 Air Magic
 + Level 6.0 Earth Magic
 + Level 6.0 Poison Magic
 + Level 7.9 Invocations
 + Level 7.2 Evocations


You had 21 spell levels left.
You knew the following spells:

 Your Spells              Type           Power      Damage    Failure   Level
a - Beastly Appendage     Tmut           66%        N/A       1%          1
b - Spider Form           Tmut/Pois      31%        N/A       1%          3
c - Portal Projectile     Hex/Tloc       58%        N/A       2%          3

Your spell library contained the following spells:

 Spells                   Type           Power      Damage    Failure   Level
 Wereblood                Tmut           33%        N/A       1%          2
 Call Canine Familiar     Summ           29%        N/A       2%          3
 Inner Flame              Hex/Fire       29%        N/A       2%          3
 Ice Form                 Ice/Tmut       31%        N/A       6%          4
 Flame Wave               Conj/Fire      29%        2d9       8%          4
 Leda's Liquefaction      Hex/Erth       14%        N/A       8%          4
 Sticky Flame             Conj/Fire      29%        2d5       8%          4


Dungeon Overview and Level Annotations

Branches:
Dungeon (10/15)            Temple (1/1) D:7            Lair (0/5) D:10
    Orc (1/2) D:9         Ossuary (visited)

Altars:
Ashenzari
Cheibriados
Dithmenos
Elyvilon
Fedhas
Gozag
Hepliaklqana
Kikubaaqudgha
Makhleb
Nemelex Xobeh
Okawaru
Qazlal
Ru
Sif Muna
Trog
Uskayaw
Vehumet
Wu Jian
Xom
Yredelemnul
Zin
The Shining One

Shops:
D:3 *[?*[   D:4 *   D:5 ?[?=   D:7 *   D:10 *   Orc:1 =(


Innate Abilities, Weirdness & Mutations

You have very sharp teeth.
Your uncanny sense of smell can sniff out nearby items.
Your experience applies equally to all skills.


Message History

Items here: $ ))) [.
Unknown command.
You catch the helpless orc warrior completely off-guard!
You sock the orc warrior! You burn the orc warrior.
The orc warrior is no longer distracted by gold.
The orc warrior is moderately wounded.
The orc warrior hits you with a +0 dire flail!
Unknown command.
You thump the orc warrior!
You bite the orc warrior, but do no damage.
The orc warrior is severely wounded.
The orc warrior barely misses you.
Unknown command.
You hit the orc warrior.
The orc warrior suddenly seems more resistant.
The orc warrior is almost dead.
The +0 executioner's axe is no longer distracted by gold.
The orc warrior hits you with a +0 dire flail!
Unknown command.
You closely miss the orc warrior.
The orc warrior is almost dead.
The orc warrior hits you but does no damage.
Unknown command.
You hit the orc warrior but do no damage.
The orc warrior is almost dead.
You block the ogre's attack.
The orc warrior hits you with a +0 dire flail!
Unknown command.
You sock the orc warrior! You burn the orc warrior.
You kill the orc warrior!
You hit the ogre.
The ogre is lightly wounded.
The ogre hits you with a +0 giant club!!
* * * LOW HITPOINT WARNING * * *
Unknown command.
You sock the ogre!
The ogre seems to grow stronger.
The ogre is heavily wounded.
The ogre hits you with a +0 giant club!!
You die...
Your body crumbles into a pile of gold.

##.#.#........#....#..
##...........#....#..
##.........#........
##.#####......#..
#.#(..#....#####
#.#####...##
#...∩.....#
#.#####...#
#@#(..#...#
#...O$#####..##
#..$..........#
......(......$...#
......(...$.......
.#...(....$.......
#....(.........
##.#...#......# $


You could see an ogre (strong) and 2 dancing weapons.

Vanquished Creatures
  2 two-headed ogres (D:9)
  A death yak (D:10)
  2 cyclopes (D:8)
  A salamander (shapeshifter) (D:8)
  4 kobold demonologists (D:10)
  A troll (D:9)
  Grinder (D:4)
  2 wraiths
  5 yaks
  A vampire mosquito (D:8)
  3 steam dragons
  Duvessa (D:5)
  4 water moccasins
  13 orc warriors
  3 black bears
  An ice beast (D:6)
  3 ogres
  2 sky beasts (D:7)
  5 centaurs
  A phantom (D:5)
  6 kobold brigands
  9 bullfrogs
  Blork the orc (D:4)
  2 scorpions (D:7)
  6 gnoll sergeants
  A water moccasin zombie (Ossuary)
  15 wights
  12 killer bees
  6 howler monkeys
  4 centaur zombies (Ossuary)
  A hound (D:4)
  3 jellies
  4 gnoll boudas
  8 orc priests
  Crazy Yiuf (D:4)
  4 iguanas
  12 orc wizards
  A scorpion zombie (Ossuary)
  11 adders
  7 gnolls
  3 shadow imps (D:7)
  An ufetubus (D:6)
  5 adder zombies (Ossuary)
  A worm (D:3)
  4 dart slugs
  33 orcs
  3 bats
  10 endoplasms
  6 giant cockroaches
  A gnoll zombie (Ossuary)
  12 goblins
  9 hobgoblins
  24 kobolds
  5 quokkas
  6 ball pythons
  13 frilled lizards
  3 goblin zombies (Ossuary)
  3 hobgoblin zombies (Ossuary)
  4 orc zombies (Ossuary)
  7 rats
323 creatures vanquished.

Vanquished Creatures (collateral kills)
  2 kobold demonologists (D:10)
2 creatures vanquished.

Grand Total: 325 creatures vanquished

Notes
Turn   | Place    | Note
-------+----------+-------------------------------------------
     0 | D:1      | olmar the Gnoll Transmuter began the quest for the Orb.
     0 | D:1      | Reached XP level 1. HP: 17/17 MP: 6/6
   156 | D:1      | Reached XP level 2. HP: 23/23 MP: 5/7
   518 | D:1      | Reached skill level 5 in Spellcasting
   518 | D:1      | Reached XP level 3. HP: 28/28 MP: 7/9
   893 | D:1      | Reached skill level 1 in Invocations
  1302 | D:2      | Reached skill level 1 in Short Blades
  1302 | D:2      | Reached skill level 1 in Long Blades
  1302 | D:2      | Reached skill level 1 in Axes
  1302 | D:2      | Reached skill level 1 in Maces & Flails
  1302 | D:2      | Reached skill level 1 in Polearms
  1302 | D:2      | Reached skill level 1 in Staves
  1302 | D:2      | Reached skill level 1 in Ranged Weapons
  1302 | D:2      | Reached skill level 1 in Throwing
  1302 | D:2      | Reached skill level 1 in Armour
  1302 | D:2      | Reached skill level 1 in Stealth
  1302 | D:2      | Reached skill level 1 in Shields
  1302 | D:2      | Reached skill level 1 in Evocations
  1618 | D:2      | Reached XP level 4. HP: 31/34 MP: 9/11
  1643 | D:2      | Learned a level 3 spell: Spider Form
  2048 | D:2      | Reached skill level 1 in Conjurations
  2048 | D:2      | Reached skill level 1 in Hexes
  2048 | D:2      | Reached skill level 1 in Summonings
  2048 | D:2      | Reached skill level 1 in Necromancy
  2048 | D:2      | Reached skill level 1 in Translocations
  2048 | D:2      | Reached skill level 1 in Fire Magic
  2048 | D:2      | Reached skill level 1 in Ice Magic
  2048 | D:2      | Reached skill level 1 in Air Magic
  2048 | D:2      | Reached skill level 1 in Earth Magic
  2048 | D:2      | Reached skill level 1 in Poison Magic
  2257 | D:3      | Found Fuipodig's General Store.
  2262 | D:3      | Found Jokeorph's Antique Armour Shoppe.
  2263 | D:3      | Bought a scroll of identify for 24 gold pieces
  2263 | D:3      | Bought a potion of cancellation for 96 gold pieces
  2329 | D:3      | Found Moxiteb's Magic Scroll Shoppe.
  2334 | D:3      | Bought a scroll of teleportation for 30 gold pieces
  2334 | D:3      | Bought a scroll of noise for 10 gold pieces
  2615 | D:3      | Reached XP level 5. HP: 33/40 MP: 12/12
  2700 | D:3      | Found Wieqyud's Assorted Antiques.
  2821 | D:3      | Found an ornate altar of the Wu Jian Council.
  3002 | D:3      | Found Huqeam's Armour Emporium.
  3329 | D:4      | Reached XP level 6. HP: 28/47 MP: 14/14
  3479 | D:4      | Noticed Blork the orc
  3490 | D:4      | Killed Blork the orc
  3491 | D:4      | Reached skill level 5 in Dodging
  3634 | D:4      | Found a runed translucent door.
  3635 | D:4      | Noticed Crazy Yiuf
  3743 | D:4      | Found Lala's General Store.
  3758 | D:4      | Bought a potion of curing for 30 gold pieces
  3805 | D:4      | Noticed a black bear
  3812 | D:4      | Killed a black bear
  3929 | D:4      | Noticed Grinder
  3942 | D:4      | Killed Grinder
  3943 | D:4      | Reached skill level 7 in Unarmed Combat
  3943 | D:4      | Reached XP level 7. HP: 53/53 MP: 12/15
  4366 | D:4      | Killed Crazy Yiuf
  4414 | D:5      | Entered Level 5 of the Dungeon
  4548 | D:5      | Found Ivufoeriedd's Jewellery Boutique.
  4573 | D:5      | Noticed Duvessa
  4591 | D:5      | Killed Duvessa
  4592 | D:5      | Reached XP level 8. HP: 40/60 MP: 16/16
  4674 | D:5      | Noticed Dowan
  4677 | D:5      | Dowan changed into Dowan the iguana
  4677 | D:5      | Noticed Dowan
  4691 | D:5      | Killed Dowan the iguana
  4856 | D:5      | Found a sand-covered staircase.
  4864 | Ossuary  | Entered an ossuary
  5152 | Ossuary  | Noticed a wraith
  5171 | Ossuary  | Killed a wraith
  5262 | Ossuary  | Noticed a silent spectre
  5340 | D:5      | Found a radiant altar of Vehumet.
  5353 | D:5      | Found Sihet's Magic Scroll Emporium.
  5429 | D:5      | Found Geyr's Armour Boutique.
  5481 | D:5      | Found Xann's Magic Scroll Shop.
  5484 | D:5      | Bought a scroll of enchant armour for 90 gold pieces
  5891 | D:6      | Reached skill level 5 in Transmutations
  6058 | D:6      | Reached XP level 9. HP: 16/66 MP: 18/18
  6474 | D:6      | Reached skill level 5 in Fighting
  6689 | D:6      | Reached skill level 8 in Unarmed Combat
  6821 | D:6      | Reached skill level 5 in Invocations
  7427 | D:7      | Found Zotorunk's General Store.
  7768 | D:7      | Found a shimmering blue altar of Sif Muna.
  7882 | D:7      | Found a staircase to the Ecumenical Temple.
  8000 | D:7      | Found a basalt altar of Yredelemnul.
  8097 | D:7      | Reached skill level 5 in Short Blades
  8097 | D:7      | Reached skill level 5 in Long Blades
  8097 | D:7      | Reached skill level 5 in Axes
  8097 | D:7      | Reached skill level 5 in Maces & Flails
  8097 | D:7      | Reached skill level 5 in Polearms
  8097 | D:7      | Reached skill level 5 in Staves
  8097 | D:7      | Reached skill level 5 in Ranged Weapons
  8097 | D:7      | Reached skill level 5 in Throwing
  8097 | D:7      | Reached skill level 5 in Armour
  8097 | D:7      | Reached skill level 5 in Stealth
  8097 | D:7      | Reached skill level 5 in Shields
  8097 | D:7      | Reached skill level 5 in Evocations
  8097 | D:7      | Reached XP level 10. HP: 57/76 MP: 16/20
  8369 | Temple   | Entered the Ecumenical Temple
  8468 | Temple   | Became a worshipper of Gozag Ym Sagoz the Greedy
  9677 | D:8      | Found a hazy altar of Hepliaklqana.
  9678 | D:8      | Found a shadowy altar of Dithmenos.
  9916 | D:8      | Noticed a cyclops
  9929 | D:8      | Killed a cyclops
  9968 | D:8      | Noticed a salamander
  9972 | D:8      | Killed a salamander
 10232 | D:8      | Noticed a cyclops
 10239 | D:8      | Killed a cyclops
 10240 | D:8      | Reached skill level 9 in Unarmed Combat
 10240 | D:8      | Reached skill level 5 in Conjurations
 10240 | D:8      | Reached skill level 5 in Hexes
 10240 | D:8      | Reached skill level 5 in Summonings
 10240 | D:8      | Reached skill level 5 in Necromancy
 10240 | D:8      | Reached skill level 5 in Translocations
 10240 | D:8      | Reached skill level 5 in Fire Magic
 10240 | D:8      | Reached skill level 5 in Ice Magic
 10240 | D:8      | Reached skill level 5 in Air Magic
 10240 | D:8      | Reached skill level 5 in Earth Magic
 10240 | D:8      | Reached skill level 5 in Poison Magic
 10240 | D:8      | Reached XP level 11. HP: 83/83 MP: 19/22
 12051 | D:9      | Found a staircase to the Orcish Mines.
 12236 | D:9      | Noticed a two-headed ogre
 12241 | D:9      | Killed a two-headed ogre
 12493 | D:9      | Noticed a two-headed ogre
 12501 | D:9      | Killed a two-headed ogre
 12700 | D:10     | Entered Level 10 of the Dungeon
 12750 | D:10     | Found a blossoming altar of Fedhas.
 13126 | D:10     | Noticed a soul eater
 13135 | D:10     | Noticed a sun demon
 13964 | D:10     | Noticed a death yak
 14411 | D:10     | Noticed a death yak
 14415 | D:10     | Noticed a death yak
 14424 | D:10     | Found a staircase to the Lair.
 14428 | D:10     | Killed a death yak
 14429 | D:10     | Reached XP level 12. HP: 49/92 MP: 24/24
 14595 | D:10     | Found Xuhul's Serpentskin Sales.
 15302 | Orc:1    | Entered Level 1 of the Orcish Mines
 15308 | Orc:1    | Found Siovao's Weapon Boutique.
 15424 | Orc:1    | Found Ritsa's Jewellery Shoppe.
 15433 | Orc:1    | Bought an amulet of reflection for 450 gold pieces
 15442 | Orc:1    | Learned a level 3 spell: Portal Projectile
 15503 | Orc:1    | Slain by an ogre

Illustrated notes

Levels and vault maps discovered:
D:1:      minmay_arrival_wavy_path, layout_basic, minmay_circled_x
D:2:      layout_basic, corexii_shack, minmay_lizard_king
D:3:      layout_loops_ring, nzn_wu_jian_council_hall, serial_shops,
          nicolae_shop_real_fake_doors, shop, shop,
          nicolae_shop_tiny_real_fake_doors, shop, supply_closet_lemuel,
          nicolae_grassy_gnolls
D:4:      layout_cave_pods, serial_shops, shop, uniq_grinder,
          uniq_blork_the_orc, uniq_crazy_yiuf_cottage
D:5:      layout_loops_ring, mainiacjoe_overflow_tiny_flanked,
          nicolae_ossuary_entry_ruins, serial_shops, shop,
          nicolae_shop_tiny_statue_garden, nicolae_shop_rolled_up,
          nicolae_shop_crystal, uniq_duvessa
D:6:      layout_rooms
D:7:      layout_cave_pools, mainiacjoe_overflow_catwalk,
          nicolae_overflow_crystal_walls, temple_doors_e, serial_shops, shop,
          minmay_joined_circles
D:8:      nzn_winding_woodlands_three_and_one
          [nzn_winding_woodlands_5x15_longhouse,
          nzn_winding_woodlands_5x15_parted, nzn_winding_woodlands_5x15_jagged,
          nzn_winding_woodlands_center_lodge], layout_basic,
          riverfiend_overflow_shadow_ancestor
D:9:      layout_basic, kennysheep_orc_monster_closet_entryway, minivault_19,
          kennysheep_generic_room_4
D:10:     layout_roguey, fedhas_altar_2, dpeg_lair_monsters, guppyfry_shop_venom
Temple:   nicolae_temple_superstar
Orc:1:    layout_caves, serial_shops, nicolae_shop_stone,
          nicolae_shop_tiny_waterfront, shop, nicolae_shop_mannequins,
          nicolae_shop_gaudy_bauble

Skill      XL: |  1  2  3  4  5  6  7  8  9 10 11 12 |
---------------+-------------------------------------+-----
Spellcasting   | 5 6 7 8 |  8.9
Invocations    | 1 2 3 4 5 6 7 |  7.9
Short Blades   | 1 2 3 5 6 7 |  7.2
Long Blades    | 1 2 3 5 6 7 |  7.2
Axes           | 1 2 3 5 6 7 |  7.2
Maces & Flails | 1 2 3 5 6 7 |  7.2
Polearms       | 1 2 3 5 6 7 |  7.2
Staves         | 1 2 3 5 6 7 |  7.2
Ranged Weapons | 1 2 3 5 6 7 |  7.2
Throwing       | 1 2 3 5 6 7 |  7.2
Armour         | 1 2 3 5 6 7 |  7.2
Stealth        | 1 2 3 5 6 7 |  7.2
Shields        | 1 2 3 5 6 7 |  7.2
Evocations     | 1 2 3 5 6 7 |  7.2
Conjurations   | 1 2 3 4 5 6 |  6.0
Hexes          | 1 2 3 4 5 6 |  6.0
Summonings     | 1 2 3 4 5 6 |  6.0
Necromancy     | 1 2 3 4 5 6 |  6.0
Translocations | 1 2 3 4 5 6 |  6.0
Fire Magic     | 1 2 3 4 5 6 |  6.0
Ice Magic      | 1 2 3 4 5 6 |  6.0
Air Magic      | 1 2 3 4 5 6 |  6.0
Earth Magic    | 1 2 3 4 5 6 |  6.0
Poison Magic   | 1 2 3 4 5 6 |  6.0
Fighting       | 3 4 5 6 7 |  7.7
Transmutations | 4 5 6 7 |  7.2
Dodging        | 5 6 7 8 |  8.6
Unarmed Combat | 7 8 9 |  9.8

Action                     |  1- 3 |  4- 6 |  7- 9 | 10-12 || total
---------------------------+-------+-------+-------+-------++-------
  Melee: Unarmed           |   114 |   150 |   397 |   386 ||  1047
         Kick              |    15 |    10 |    59 |    75 ||   159
         Bite              |     8 |    13 |    42 |    52 ||   115
         Punch             |     2 |       |    17 |    17 ||    36
         Headbutt          |     8 |     8 |    36 |    37 ||    89
         Quarterstaff      |       |       |       |    58 ||    58
  Throw: Dart              |       |       |       |    18 ||    18
   Cast: Beastly Appendage |    15 |     8 |    15 |    29 ||    67
         Spider Form       |       |     4 |     8 |     7 ||    19
         Portal Projectile |       |       |       |     2 ||     2
  Evoke: Wand              |       |       |     2 |    28 ||    30
    Use: Scroll            |     1 |     5 |     7 |     7 ||    20
         Potion            |       |       |     1 |     1 ||     2
   Stab: Distracted        |       |     1 |       |     3 ||     4
         Sleeping          |       |       |     7 |     4 ||    11
         Paralysed         |       |       |       |     1 ||     1
 Armour: Robe              |    25 |    12 |   100 |    64 ||   201
         Skin              |       |     3 |    11 |     4 ||    18
  Dodge: Dodged            |    62 |    87 |   325 |   270 ||   744
  Block: Other             |       |       |       |     1 ||     1
